 Dungeon Crawl Stone Soup version 0.28.0 (webtiles) character file.

Game seed: 2080218544486595192

486 sanka the Conjurer (level 7, -5/36 HPs)
             Began as a Tengu Earth Elementalist on Feb 9, 2022.
             Was an Initiate of Vehumet.
             Slain by a centaur warrior zombie (10 damage)
             ... on level 5 of the Dungeon.
             The game lasted 00:05:35 (5707 turns).

sanka the Conjurer (Tengu Earth Elementalist)       Turns: 5707, Time: 00:05:35

Health: -5/36      AC:  4    Str:  9    XL:     7   Next: 13%
Magic:  11/13      EV: 14    Int: 17    God:    Vehumet [......]
Gold:   153        SH:  0    Dex: 14    Spells: 6/12 levels left

rFire   . . .      SeeInvis .   f - +0 flail
rCold   . . .      Faith    .   (no shield)
rNeg    . . .      Spirit   .   b - +0 robe
rPois   .          Reflect  .   (helmet restricted)
rElec   .          Harm     .   s - +0 cloak
rCorr   .          Rampage  .   l - +0 pair of gloves
Will    .....                   (boots unavailable)
Stlth   ++........              (no amulet)
HPRegen 0.12/turn               (no ring)
MPRegen 0.13/turn               (no ring)

@: mighty, flying quickly and evasively, studying 2 skills, quick
A: beak, talons 3, nimble flight
a: Renounce Religion


You were on level 5 of the Dungeon.
You worshipped Vehumet.
Vehumet was noncommittal.
You visited 2 branches of the dungeon, and saw 6 of its levels.

You collected 153 gold pieces.

Inventory:

Hand Weapons
 f - a +0 flail (weapon)
 k - a +1 hand axe of flaming
Missiles
 c - 25 stones
Armour
 b - a +0 robe (worn)
 l - a +0 pair of gloves (worn)
 s - a +0 cloak (worn)
Jewellery
 i - an amulet of regeneration
 j - a +6 ring of strength
 r - an amulet of guardian spirit
Scrolls
 a - 4 scrolls of identify {unknown}
 d - 2 scrolls of magic mapping {unknown}
 e - a scroll of amnesia {unknown}
 h - a scroll of enchant weapon {unknown}
 o - a scroll of fear {unknown}
Potions
 g - a potion of heal wounds {unknown}
 m - a potion of ambrosia {unknown}
 n - a potion of might
 p - 2 potions of brilliance {unknown}
 q - 2 potions of curing {unknown}


   Skills:
 - Level 2.1 Dodging
 - Level 2.0 Stealth
 + Level 3.3 Spellcasting
 + Level 6.4 Conjurations
 - Level 0.7 Transmutations
 + Level 3.8 Earth Magic


You had 6 spell levels left.
You knew the following spells:

 Your Spells              Type           Power      Damage    Failure   Level
a - Sandblast             Erth           30%        2d9       3%          1
b - Passwall              Tmut/Erth      8%         N/A       10%         2
c - Stone Arrow           Conj/Erth      40%        3d9       6%          3

Your spell library contained the following spells:

 Spells                   Type           Power      Damage    Failure   Level
 Conjure Flame            Conj/Fire      13%        6-21      14%         3
 Ignite Poison            Fire/Tmut/Pois 3%         N/A       41%         3
 Sticky Flame             Conj/Fire      13%        2d4       41%         4
 Petrify                  Tmut/Erth      10%        N/A       54%         4


Dungeon Overview and Level Annotations

Branches:
Dungeon (5/15)             Temple (1/1) D:4

Altars:
Dithmenos
Kikubaaqudgha
Makhleb
Nemelex Xobeh
Qazlal
Sif Muna
Trog
Vehumet
Zin
Lugonu

Portals:
Abyss: D:3

Annotations:
D:3 5 runed translucent doors, LohmatiyShmel's ghost, amateur GnTm


Innate Abilities, Weirdness & Mutations

You have a beak for a mouth.
You have claws for feet.
Your magical nature lets you fly swiftly and evasively.


Message History

HP restored.
Found a scale mail.
You now have 153 gold pieces (gained 7).
Found a stone staircase leading up.
Found a leather armour.
A centaur warrior zombie comes into view.
A centaur warrior zombie is nearby!
Found an escape hatch in the ceiling.
The blast of sand hits the centaur warrior zombie!
The centaur warrior zombie is lightly damaged.
The blast of sand hits the centaur warrior zombie.
The centaur warrior zombie is lightly damaged.
The blast of sand hits the centaur warrior zombie!
The centaur warrior zombie is moderately damaged.
The centaur warrior zombie closely misses you.
The centaur warrior zombie misses you.
The blast of sand hits the centaur warrior zombie but does no damage.
The centaur warrior zombie is moderately damaged.
The centaur warrior zombie hits you!
The centaur warrior zombie kicks you but does no damage.
The centaur warrior zombie hits you. The centaur warrior zombie kicks you.
You are too injured to fight recklessly!
You are too injured to fight recklessly!
You are too injured to fight recklessly!
The centaur warrior zombie closely misses you.
The centaur warrior zombie barely misses you.
The centaur warrior zombie hits you!
The centaur warrior zombie closely misses you.
The centaur warrior zombie hits you!
* * * LOW HITPOINT WARNING * * *
The centaur warrior zombie kicks you but does no damage.
It was a potion of might.
You feel very mighty all of a sudden. The centaur warrior zombie misses you.
The centaur warrior zombie closely misses you.
You barely miss the centaur warrior zombie.
You claw the centaur warrior zombie!
The centaur warrior zombie is moderately damaged.
The centaur warrior zombie hits you!
You die...

#.........................
#...........[.............
#.............##........##
#...........#######....###
#..........## #......#
##......).## ##.......
###.....## ##........
.......Z########........<
######..@>.##............
###.................
#..............##.
#....######....### ##...##
##...# #...## ##..#
###...# #..#
########....## #..#
#..........## #.##


You could see a centaur warrior zombie.

Vanquished Creatures
  A phantom (D:4)
  Blork the orc (D:5)
  A bullfrog (D:4)
  A scorpion (D:5)
  A hound (D:4)
  An orc priest (D:2)
  A jelly (D:5)
  An iguana (D:4)
  An orc wizard (D:4)
  An adder (D:3)
  10 orcs
  7 endoplasms
  2 giant cockroaches (D:1)
  6 hobgoblins
  5 jackals
  4 quokkas
  5 ball pythons
  4 bats (D:1)
  2 frilled lizards (D:1)
  4 goblins
  5 kobolds
  8 rats
72 creatures vanquished.

Notes
Turn   | Place    | Note
-------+----------+-------------------------------------------
     0 | D:1      | sanka the Tengu Earth Elementalist began the quest for the
                  | Orb.
     0 | D:1      | Reached XP level 1. HP: 10/10 MP: 4/4
    43 | D:1      | Reached skill level 1 in Conjurations
   259 | D:1      | Reached skill level 2 in Conjurations
   351 | D:1      | Reached XP level 2. HP: 14/15 MP: 6/6
   569 | D:1      | Learned a level 2 spell: Passwall
   863 | D:1      | Reached skill level 3 in Conjurations
  1319 | D:1      | Reached XP level 3. HP: 18/19 MP: 7/7
  2397 | D:2      | Reached skill level 4 in Conjurations
  2397 | D:2      | Reached XP level 4. HP: 24/24 MP: 0/8
  3216 | D:3      | Noticed LohmatiyShmel's ghost (amateur GnTm)
  3371 | D:3      | Found a runed translucent gate.
  3371 | D:3      | Found a runed translucent gate.
  3379 | D:3      | Found a runed translucent gate.
  3554 | D:3      | Found a large runed translucent door.
  3555 | D:3      | Found a large runed translucent door.
  3556 | D:3      | Found a corrupted altar of Lugonu.
  3780 | D:3      | Found a one-way gate to the infinite horrors of the Abyss.
  3854 | D:3      | Found a faded altar of an unknown god.
  4149 | D:4      | Gained mutation: Your magical nature lets you fly swiftly
                  | and evasively. [Tengu growth]
  4149 | D:4      | Reached XP level 5. HP: 27/28 MP: 4/9
  4387 | D:4      | Learned a level 3 spell: Stone Arrow
  4409 | D:4      | Reached skill level 5 in Conjurations
  4619 | D:4      | Noticed a phantom
  4631 | D:4      | Killed a phantom
  4632 | D:4      | Reached XP level 6. HP: 25/32 MP: 1/11
  4777 | D:4      | Found a staircase to the Ecumenical Temple.
  4825 | Temple   | Entered the Ecumenical Temple
  4832 | Temple   | Became a worshipper of Vehumet
  5465 | D:5      | Entered Level 5 of the Dungeon
  5475 | D:5      | Reached skill level 6 in Conjurations
  5604 | D:5      | Noticed Blork the orc
  5608 | D:5      | Killed Blork the orc
  5609 | D:5      | Reached XP level 7. HP: 31/36 MP: 8/13
  5707 | D:5      | Slain by a centaur warrior zombie

Illustrated notes

Levels and vault maps discovered:
D:1:      lightli_arrival_chessboard, layout_basic
D:2:      cheibrodos_old_hovel, layout_basic
D:3:      due_chaos_kobolds, layout_rooms, shapermc_ecumenical_altar_hornbeckon,
          gammafunk_ghost_split, chequers_serial_rivers_small_a, minivault_19
D:4:      layout_basic, minmay_temple_entry_purple_smoke
D:5:      layout_layer_cave, jmf_multi_god_temple, uniq_blork_the_orc,
          uniq_eustachio
Temple:   nicolae_temple_x_marks_the_god

Skill      XL: |  1  2  3  4  5  6 |
---------------+-------------------+-----
Conjurations   | 2 3 4 5 6 |  6.4
Earth Magic    | 3 |  3.8
Spellcasting   | 3 |  3.3
Dodging        | |  2.1
Stealth        | |  2.0
Transmutations | |  0.7

Action                   |  1- 3 |  4- 6 |  7- 9 || total
-------------------------+-------+-------+-------++-------
Melee: Unarmed           |    93 |       |       ||    93
       Peck              |    21 |    10 |       ||    31
       Kick              |    23 |    15 |     1 ||    39
       Flail             |    10 |    54 |     1 ||    65
       Punch             |       |     2 |       ||     2
 Cast: Sandblast         |    11 |    65 |     4 ||    80
  Use: Potion            |       |       |     1 ||     1
 Stab: Sleeping          |     4 |     3 |       ||     7
Armor: Robe              |    19 |    10 |     2 ||    31
Dodge: Dodged            |    78 |    71 |     7 ||   156
